BlackHawks vs Rangers

Created - January 6, 2017 at 19:17

Goals
1 2 3 T
BlackHawks 1 0 0 1
Rangers 0 3 1 4
Shots
1 2 3 T
BlackHawks 9 7 21 37
Rangers 11 15 10 36

1st period

1. BlackHawks , Artemi Panarin 18 (Kris Letang, Dion Phaneuf) at 8:08

Penalties :
Shane Doan (CHI) for Slashing (Minor) at 14:49, Adam McQuaid (CHI) for Roughing (Minor) at 15:59

2nd period

2. Rangers , Conor Sheary 1 (Tyler Ennis, Alex Goligoski) at 5:41
3. Rangers , Sean Couturier 5 (Connor McDavid, Alex Goligoski) at 8:56
4. Rangers , Benoit Pouliot 14 (Karl Alzner, Kris Russell) at 14:42 (PP)

Penalties :
Deryk Engelland (CHI) for Hooking (Minor) at 1:05, Cedric Paquette (NYR) for Holding Stick (Minor) at 1:40, Dion Phaneuf (CHI) for Tripping (Minor) at 14:21, Fredrik Claesson (NYR) for Hooking (Minor) at 17:56

3rd period

5. Rangers , Jaromir Jagr 11 (Alex Goligoski, Joel Edmundson) at 18:16 (PP)

Penalties :
Karl Alzner (NYR) for Interference (Minor) at 2:02, Fredrik Claesson (NYR) for Holding (Minor) at 3:22, Fredrik Claesson (NYR) for Holding (Minor) at 6:32, Deryk Engelland (CHI) for Holding (Minor) at 15:29, Dion Phaneuf (CHI) for High sticking (Minor) at 18:04

Goalie Stats

Craig Anderson (CHI), 32 saves from 36 shots - (0.889), L, 13-15-3, 60:00 minutes
Scott Darling (NYR), 36 saves from 37 shots - (0.973), W, 8-11-2, 60:00 minutes

Players Stats for BlackHawks

Player Name              G  A  P  +/- PIM S  H  SB GA TA FO     MP     PP MP  PK MP  
------------------------------------------------------------------------------------
Adam McQuaid             0  0  0   0  2   1  0  0  0  0  0/0    17:10   0:00   2:04 
Alex Galchenyuk          0  0  0   0  0   3  1  0  0  0  13/32  18:56   2:58   0:27 
Artemi Panarin           1  0  1   0  0   6  1  0  0  0  0/1    18:29   2:58   0:00 
Deryk Engelland          0  0  0   0  4   0  5  1  0  0  0/0    13:51   0:00   0:57 
Dion Phaneuf             0  1  1  -1  4   3  1  4  0  0  0/0    25:39   4:50   2:58 
Jack Eichel              0  0  0  -1  0   2  0  0  0  0  13/26  17:31   4:54   0:00 
Jason Chimera            0  0  0   0  0   0  0  0  0  0  0/1    11:33   0:00   0:00 
John-Michael Liles       0  0  0   0  0   0  2  2  0  0  0/0    17:56   3:02   0:34 
Kris Letang              0  1  1  -1  0   4  1  1  0  0  0/0    26:19   4:50   3:39 
Michael McCarron         0  0  0   0  0   0  3  0  0  0  0/1     6:11   0:00   0:00 
Olli Maatta              0  0  0   0  0   1  0  2  0  0  0/0    19:57   3:02   3:16 
Patrik Elias             0  0  0  -1  0   6  0  0  0  0  1/1    17:31   4:54   0:00 
Phil Kessel              0  0  0   0  0   4  0  0  0  0  0/2    17:05   2:58   0:00 
Sam Bennett              0  0  0   0  0   2  0  0  0  0  6/11   11:33   0:00   0:00 
Shane Doan               0  0  0  -1  2   5  1  0  0  0  0/0    17:30   4:54   0:00 
Steve Ott                0  0  0   0  0   0  0  0  0  0  12/18  10:35   0:00   4:24 
Tom Wilson               0  0  0   0  0   0  0  0  0  0  0/1    15:12   0:00   3:39 
Trevor Lewis             0  0  0   0  0   0  0  0  0  0  1/3     8:27   0:00   2:16 

Players Stats for Rangers

Player Name              G  A  P  +/- PIM S  H  SB GA TA FO     MP     PP MP  PK MP  
------------------------------------------------------------------------------------
Alex Goligoski           0  3  3   2  0   2  1  2  0  0  0/0    25:47   2:43   4:03 
Benoit Pouliot           1  0  1   0  0   6  0  1  0  0  4/6    19:31   3:03   1:52 
Brad Richards            0  0  0   0  0   0  0  0  0  0  12/24  18:49   0:00   0:44 
Cedric Paquette          0  0  0   0  2   2  7  1  0  0  3/8     9:26   3:12   1:52 
Chris Tanev              0  0  0   0  0   0  0  1  0  0  0/0     1:44   0:41   1:03 
Connor McDavid           0  1  1   1  0   2  0  0  0  0  18/34  19:39   3:03   0:00 
Conor Sheary             1  0  1   0  0   1  1  0  0  0  0/0     9:50   0:00   0:00 
Fredrik Claesson         0  0  0  -1  6   0  1  1  0  0  0/0    16:33   0:00   0:25 
Jaromir Jagr             1  0  1   0  0   4  2  0  0  0  9/16   22:33   3:03   5:16 
Joel Edmundson           0  1  1   0  0   0  1  1  0  0  0/0    16:04   2:45   2:38 
Karl Alzner              0  1  1   2  2   4  2  1  0  0  0/0    24:51   2:52   3:21 
Kris Russell             0  1  1  -1  0   0  1  1  0  0  0/0    24:47   3:31   4:13 
Mark Letestu             0  0  0   0  0   1  2  0  0  0  4/8     9:47   0:00   0:00 
Mikael Backlund          0  0  0   0  0   1  0  0  0  0  0/0     4:22   0:00   0:00 
Nick Schultz             0  0  0   0  0   1  0  0  0  0  0/0    10:10   0:00   0:00 
Sean Couturier           1  0  1   1  0   4  3  0  0  0  0/0    25:10   3:13   5:21 
Tomas Tatar              0  0  0   1  0   5  3  0  0  0  0/0    19:49   3:13   0:00 
Tyler Ennis              0  1  1   0  0   3  1  0  0  0  1/1    11:08   0:00   0:00 

3 Stars

1 - Alex Goligoski (NYR)
2 - Scott Darling (NYR)
3 - Sean Couturier (NYR)

Power Play

BlackHawks - 0 on 5 Attempt(s) - 0.00%
Rangers - 2 on 6 Attempt(s) - 33.33%

Penalty Kill

BlackHawks - 4 on 6 Attempt(s) - 66.67% - Score 0 goal in Penalty Kill
Rangers - 5 on 5 Attempt(s) - 100.00% - Score 0 goal in Penalty Kill

Team Stat

BlackHawks - Hits : 15 - Faceoff Wins : 46 - Blocked Shots : 10 - Penalty Minutes : 12
Rangers - Hits : 25 - Faceoff Wins : 51 - Blocked Shots : 9 - Penalty Minutes : 10

Official

Referees : Graham Skiliter and Jacob Brenk
Linesman : Kiel Murchison and Shandor Alphonso

Game Notes

No Game Note

Finance

Level 1 -- Attendance: 4592 (70.65%) -- Ticket Income $574,000
Level 2 -- Attendance: 4356 (87.12%) -- Ticket Income $326,700
Level 3 -- Attendance: 3281 (93.74%) -- Ticket Income $164,050
Level 4 -- Attendance: 2006 (100.00%) -- Ticket Income $50,150
Luxury Box -- Attendance: 636 (63.60%) -- Ticket Income $159,000
Game was played at the Madison Square Garden.
Total Attendance: 14871 (82.59%)
Total Ticket Income: $1,273,900
Other Income: $191,085
Total Income: $1,464,985

% Time on Ice - BlackHawks

Lines # - Real PCT - Wanted PCT - Time Play
Normal Forward
1 - 32% - 30% - 14:07
2 - 28% - 28% - 12:37
3 - 26% - 26% - 11:33
4 - 14% - 16% - 6:11
Normal Defense
1 - 37% - 37% - 16:26
2 - 34% - 34% - 15:06
3 - 29% - 29% - 12:53
4 - 0% - 0% - 0:03
PP Forward
1 - 38% - 55% - 2:58
2 - 62% - 45% - 4:54
PP Defense
1 - 61% - 55% - 4:50
2 - 39% - 45% - 3:02
PK Forward
1 - 67% - 55% - 3:39
2 - 33% - 45% - 1:48
PK Defense
1 - 40% - 50% - 2:12
2 - 60% - 50% - 3:15
PK3 Forward
1 - 43% - 50% - 0:21
2 - 57% - 50% - 0:28
PK3 Defense
1 - 49% - 55% - 0:24
2 - 51% - 45% - 0:25
44 Forward
1 - 100% - 55% - 1:24
2 - 0% - 45% - 0:00
44 Defense
1 - 100% - 55% - 1:24
2 - 0% - 45% - 0:00
Last Minute Offensive  - 0:00
Last Minute Defensive  - 0:00
Total
Forward - 60:00
Defense - 60:00

% Time on Ice - Rangers

Lines # - Real PCT - Wanted PCT - Time Play
Normal Forward
1 - 37% - 40% - 16:36
2 - 31% - 30% - 13:43
3 - 22% - 20% - 9:47
4 - 10% - 10% - 4:22
Normal Defense
1 - 39% - 40% - 17:12
2 - 36% - 30% - 16:10
3 - 23% - 20% - 10:10
4 - 2% - 10% - 0:56
PP Forward
1 - 49% - 60% - 3:03
2 - 51% - 40% - 3:13
PP Defense
1 - 56% - 60% - 3:31
2 - 44% - 40% - 2:45
PK Forward
1 - 74% - 60% - 5:21
2 - 26% - 40% - 1:52
PK Defense
1 - 64% - 60% - 4:37
2 - 36% - 40% - 2:36
PK3 Forward
1 - 100% - 60% - 0:39
2 - 0% - 40% - 0:00
PK3 Defense
1 - 5% - 60% - 0:02
2 - 95% - 40% - 0:37
44 Forward
1 - 100% - 60% - 1:24
2 - 0% - 40% - 0:00
44 Defense
1 - 63% - 60% - 0:53
2 - 37% - 40% - 0:31
Last Minute Offensive  - 0:00
Last Minute Defensive  - 0:00
Total
Forward - 60:00
Defense - 60:00

Play by Play

1st period


0:01 of 1st period - Alex Galchenyuk wins face-off versus Connor McDavid in neutral zone.
0:06 of 1st period - Off-side.
0:07 of 1st period - Jack Eichel wins face-off versus Jaromir Jagr in neutral zone.
0:28 of 1st period - Shot by Jaromir Jagr.
0:28 of 1st period - Shot Misses the Net.
0:34 of 1st period - Shot by Jack Eichel.
0:34 of 1st period - Deflect By Shane Doan.
0:34 of 1st period - Stopped by Scott Darling with a rebound.
2:08 of 1st period - Icing by Karl Alzner.
2:09 of 1st period - Connor McDavid wins face-off versus Phil Kessel in Rangers zone.
2:34 of 1st period - Shot by Phil Kessel.
2:34 of 1st period - Stopped by Scott Darling without a rebound.
2:35 of 1st period - Steve Ott wins face-off versus Brad Richards in Rangers zone.
3:10 of 1st period - Mikael Backlund is hit by Kris Letang.
3:12 of 1st period - Shot by Brad Richards.
3:12 of 1st period - Shot Blocked by Kris Letang.
3:39 of 1st period - Artemi Panarin is hit by Joel Edmundson and loses puck.
3:52 of 1st period - Shot by Phil Kessel.
3:52 of 1st period - Stopped by Scott Darling without a rebound.
3:53 of 1st period - Sam Bennett wins face-off versus Connor McDavid in Rangers zone.
4:06 of 1st period - Shot by Connor McDavid.
4:06 of 1st period - Stopped by Craig Anderson without a rebound.
4:07 of 1st period - Brad Richards wins face-off versus Phil Kessel in BlackHawks zone.
4:10 of 1st period - Shot by Brad Richards.
4:10 of 1st period - Shot Misses the Net.
4:14 of 1st period - Shot by Jaromir Jagr.
4:14 of 1st period - Stopped by Craig Anderson without a rebound.
4:15 of 1st period - Connor McDavid wins face-off versus Alex Galchenyuk in BlackHawks zone.
5:59 of 1st period - Icing by Alex Goligoski.
6:00 of 1st period - Brad Richards wins face-off versus Jack Eichel in Rangers zone.
6:41 of 1st period - Icing by Benoit Pouliot.
6:42 of 1st period - Jaromir Jagr wins face-off versus Steve Ott in Rangers zone.
7:43 of 1st period - Shot by Artemi Panarin.
7:43 of 1st period - Shot Blocked by Fredrik Claesson.
7:45 of 1st period - Shot by Phil Kessel.
7:45 of 1st period - Shot Misses the Net.
7:47 of 1st period - Shot by Dion Phaneuf.
7:47 of 1st period - Stopped by Scott Darling with a rebound.
8:08 of 1st period - Shot by Artemi Panarin.
8:08 of 1st period - Goal by Artemi Panarin - BlackHawks : 1 - Rangers : 0.
8:09 of 1st period - Jack Eichel wins face-off versus Connor McDavid in neutral zone.
8:16 of 1st period - Shot by Patrik Elias.
8:16 of 1st period - Stopped by Scott Darling without a rebound.
8:17 of 1st period - Connor McDavid wins face-off versus Jack Eichel in Rangers zone.
8:24 of 1st period - Shot by Tomas Tatar.
8:24 of 1st period - Stopped by Craig Anderson with a rebound.
8:42 of 1st period - Shane Doan is hit by Tomas Tatar.
8:56 of 1st period - Shot by Jack Eichel.
8:56 of 1st period - Stopped by Scott Darling without a rebound.
8:57 of 1st period - Sam Bennett wins face-off versus Brad Richards in Rangers zone.
9:02 of 1st period - Shot by Tom Wilson.
9:02 of 1st period - Deflect By Sam Bennett.
9:02 of 1st period - Stopped by Scott Darling without a rebound.
9:03 of 1st period - Brad Richards wins face-off versus Sam Bennett in Rangers zone.
10:10 of 1st period - Shot by Phil Kessel.
10:10 of 1st period - Shot Misses the Net.
10:13 of 1st period - Icing by Karl Alzner.
10:14 of 1st period - Jack Eichel wins face-off versus Brad Richards in Rangers zone.
10:20 of 1st period - Off-side.
10:21 of 1st period - Alex Galchenyuk wins face-off versus Connor McDavid in neutral zone.
10:33 of 1st period - Icing by Kris Russell.
10:34 of 1st period - Jack Eichel wins face-off versus Connor McDavid in Rangers zone.
10:37 of 1st period - Shot by Patrik Elias.
10:37 of 1st period - Deflect By Shane Doan.
10:37 of 1st period - Shot Misses the Net.
10:55 of 1st period - Shot by Sean Couturier.
10:55 of 1st period - Shot Misses the Net.
10:57 of 1st period - Shot by Connor McDavid.
10:57 of 1st period - Shot Misses the Net.
11:03 of 1st period - Shot by Sean Couturier.
11:03 of 1st period - Stopped by Craig Anderson with a rebound.
11:05 of 1st period - Shot by Connor McDavid.
11:05 of 1st period - Deflect By Sean Couturier.
11:05 of 1st period - Stopped by Craig Anderson with a rebound.
11:58 of 1st period - Shot by Artemi Panarin.
11:58 of 1st period - Shot Misses the Net.
12:00 of 1st period - Shot by Adam McQuaid.
12:00 of 1st period - Stopped by Scott Darling without a rebound.
12:01 of 1st period - Cedric Paquette wins face-off versus Steve Ott in Rangers zone.
12:01 of 1st period - Cedric Paquette is hit by Michael McCarron.
12:27 of 1st period - Dion Phaneuf is hit by Cedric Paquette.
12:36 of 1st period - Icing by Kris Letang.
12:37 of 1st period - Connor McDavid wins face-off versus Steve Ott in BlackHawks zone.
12:43 of 1st period - Sean Couturier is hit by Dion Phaneuf and loses puck.
12:50 of 1st period - Kris Russell is hit by Michael McCarron and loses puck.
13:10 of 1st period - Off-side.
13:11 of 1st period - Mark Letestu wins face-off versus Alex Galchenyuk in neutral zone.
13:30 of 1st period - Shot by Artemi Panarin.
13:30 of 1st period - Shot Misses the Net.
14:49 of 1st period - Minor Penalty to Shane Doan for Slashing.
14:50 of 1st period - Connor McDavid wins face-off versus Steve Ott in BlackHawks zone.
14:51 of 1st period - Shot by Benoit Pouliot.
14:51 of 1st period - Stopped by Craig Anderson without a rebound.
14:52 of 1st period - Steve Ott wins face-off versus Connor McDavid in BlackHawks zone.
15:28 of 1st period - Shot by Jaromir Jagr.
15:28 of 1st period - Shot Misses the Net.
15:30 of 1st period - Shot by Benoit Pouliot.
15:30 of 1st period - Stopped by Craig Anderson without a rebound.
15:31 of 1st period - Cedric Paquette wins face-off versus Steve Ott in BlackHawks zone.
15:38 of 1st period - Shot by Tomas Tatar.
15:38 of 1st period - Stopped by Craig Anderson with a rebound.
15:40 of 1st period - Shot by Sean Couturier.
15:40 of 1st period - Deflect By Tomas Tatar.
15:40 of 1st period - Shot Misses the Net.
15:42 of 1st period - Shot by Joel Edmundson.
15:42 of 1st period - Shot Blocked by Dion Phaneuf.
15:44 of 1st period - Shot by Sean Couturier.
15:44 of 1st period - Shot Blocked by Dion Phaneuf.
15:59 of 1st period - Minor Penalty to Adam McQuaid for Roughing.
16:00 of 1st period - Benoit Pouliot wins face-off versus Trevor Lewis in BlackHawks zone.
16:21 of 1st period - Shot by Jaromir Jagr.
16:21 of 1st period - Stopped by Craig Anderson with a rebound.
16:23 of 1st period - Shot by Karl Alzner.
16:23 of 1st period - Stopped by Craig Anderson without a rebound.
16:24 of 1st period - Steve Ott wins face-off versus Cedric Paquette in BlackHawks zone.
16:24 of 1st period - Steve Ott is hit by Cedric Paquette.
16:52 of 1st period - Steve Ott is hit by Cedric Paquette and loses puck.
18:24 of 1st period - Shane Doan is hit by Conor Sheary and loses puck.
18:44 of 1st period - Nick Schultz is hit by John-Michael Liles and loses puck.
18:55 of 1st period - Patrik Elias is hit by Cedric Paquette and loses puck.
19:18 of 1st period - Shot by Cedric Paquette.
19:18 of 1st period - Stopped by Craig Anderson with a rebound.
19:25 of 1st period - Off-side.
19:26 of 1st period - Connor McDavid wins face-off versus Alex Galchenyuk in neutral zone.
Goals for this period are 1 for BlackHawks vs 0 for Rangers.
Shots for this period are 9 for BlackHawks vs 11 for Rangers.

2nd period


0:01 of 2nd period - Connor McDavid wins face-off versus Sam Bennett in neutral zone.
0:23 of 2nd period - Off-side.
0:24 of 2nd period - Brad Richards wins face-off versus Alex Galchenyuk in neutral zone.
0:48 of 2nd period - Benoit Pouliot is hit by Deryk Engelland.
0:55 of 2nd period - Benoit Pouliot is hit by Deryk Engelland and loses puck.
1:03 of 2nd period - Jaromir Jagr is hit by Deryk Engelland and loses puck.
1:05 of 2nd period - Minor Penalty to Deryk Engelland for Hooking.
1:06 of 2nd period - Steve Ott wins face-off versus Cedric Paquette in BlackHawks zone.
1:06 of 2nd period - Kris Letang is hit by Cedric Paquette.
1:13 of 2nd period - Icing by Alex Goligoski.
1:14 of 2nd period - Steve Ott wins face-off versus Cedric Paquette in Rangers zone.
1:40 of 2nd period - Minor Penalty to Cedric Paquette for Holding Stick.
1:41 of 2nd period - Alex Galchenyuk wins face-off versus Benoit Pouliot in Rangers zone.
1:45 of 2nd period - Icing by Tyler Ennis.
1:46 of 2nd period - Benoit Pouliot wins face-off versus Alex Galchenyuk in Rangers zone.
1:57 of 2nd period - Shot by Alex Galchenyuk.
1:57 of 2nd period - Shot Blocked by Benoit Pouliot.
2:03 of 2nd period - Shot by Artemi Panarin.
2:03 of 2nd period - Shot Blocked by Alex Goligoski.
2:05 of 2nd period - Shot by Artemi Panarin.
2:05 of 2nd period - Shot Blocked by Alex Goligoski.
2:07 of 2nd period - Shot by Dion Phaneuf.
2:07 of 2nd period - Shot Misses the Net.
2:09 of 2nd period - Shot by Dion Phaneuf.
2:09 of 2nd period - Shot Misses the Net.
2:36 of 2nd period - Icing by Kris Letang.
2:37 of 2nd period - Jaromir Jagr wins face-off versus Alex Galchenyuk in BlackHawks zone.
3:02 of 2nd period - Shot by Tyler Ennis.
3:02 of 2nd period - Shot Blocked by Dion Phaneuf.
3:18 of 2nd period - Shot by Olli Maatta.
3:18 of 2nd period - Shot Blocked by Kris Russell.
3:36 of 2nd period - Shot by Patrik Elias.
3:36 of 2nd period - Stopped by Scott Darling without a rebound.
3:37 of 2nd period - Jack Eichel wins face-off versus Brad Richards in Rangers zone.
4:04 of 2nd period - Shot by Jason Chimera.
4:04 of 2nd period - Shot Misses the Net.
4:30 of 2nd period - Shot by Connor McDavid.
4:30 of 2nd period - Shot Misses the Net.
5:09 of 2nd period - Off-side.
5:10 of 2nd period - Alex Galchenyuk wins face-off versus Mark Letestu in neutral zone.
5:10 of 2nd period - Alex Galchenyuk is hit by Mark Letestu.
5:41 of 2nd period - Shot by Conor Sheary.
5:41 of 2nd period - Goal by Conor Sheary - BlackHawks : 1 - Rangers : 1.
5:42 of 2nd period - Jack Eichel wins face-off versus Brad Richards in neutral zone.
6:01 of 2nd period - Shot by Patrik Elias.
6:01 of 2nd period - Stopped by Scott Darling without a rebound.
6:02 of 2nd period - Steve Ott wins face-off versus Connor McDavid in Rangers zone.
6:17 of 2nd period - Shot by Trevor Lewis.
6:17 of 2nd period - Shot Misses the Net.
6:45 of 2nd period - Shot by Connor McDavid.
6:45 of 2nd period - Deflect By Tomas Tatar.
6:45 of 2nd period - Stopped by Craig Anderson without a rebound.
6:46 of 2nd period - Alex Galchenyuk wins face-off versus Brad Richards in BlackHawks zone.
6:48 of 2nd period - Icing by Phil Kessel.
6:49 of 2nd period - Alex Galchenyuk wins face-off versus Brad Richards in BlackHawks zone.
6:49 of 2nd period - Alex Galchenyuk is hit by Jaromir Jagr.
7:15 of 2nd period - Shot by Benoit Pouliot.
7:15 of 2nd period - Stopped by Craig Anderson without a rebound.
7:16 of 2nd period - Jack Eichel wins face-off versus Connor McDavid in BlackHawks zone.
7:23 of 2nd period - Shot by Jack Eichel.
7:23 of 2nd period - Shot Misses the Net.
7:29 of 2nd period - Shot by Connor McDavid.
7:29 of 2nd period - Deflect By Tomas Tatar.
7:29 of 2nd period - Shot Misses the Net.
7:31 of 2nd period - Shot by Alex Goligoski.
7:31 of 2nd period - Stopped by Craig Anderson without a rebound.
7:32 of 2nd period - Brad Richards wins face-off versus Tom Wilson in BlackHawks zone.
8:36 of 2nd period - Shot by Connor McDavid.
8:36 of 2nd period - Stopped by Craig Anderson with a rebound.
8:38 of 2nd period - Shot by Tomas Tatar.
8:38 of 2nd period - Shot Misses the Net.
8:56 of 2nd period - Shot by Sean Couturier.
8:56 of 2nd period - Goal by Sean Couturier - BlackHawks : 1 - Rangers : 2.
8:57 of 2nd period - Mark Letestu wins face-off versus Alex Galchenyuk in neutral zone.
9:14 of 2nd period - Shot by Alex Galchenyuk.
9:14 of 2nd period - Stopped by Scott Darling without a rebound.
9:15 of 2nd period - Steve Ott wins face-off versus Brad Richards in Rangers zone.
9:20 of 2nd period - Shot by Michael McCarron.
9:20 of 2nd period - Shot Misses the Net.
9:30 of 2nd period - Dion Phaneuf is hit by Cedric Paquette and loses puck.
9:53 of 2nd period - Joel Edmundson is hit by Michael McCarron and loses puck.
10:03 of 2nd period - Icing by Michael McCarron.
10:04 of 2nd period - Connor McDavid wins face-off versus Michael McCarron in BlackHawks zone.
10:52 of 2nd period - Dion Phaneuf is hit by Tomas Tatar and loses puck.
11:17 of 2nd period - Fredrik Claesson is hit by Alex Galchenyuk and loses puck.
11:30 of 2nd period - Shot by Phil Kessel.
11:30 of 2nd period - Stopped by Scott Darling with a rebound.
11:32 of 2nd period - Shot by Artemi Panarin.
11:32 of 2nd period - Stopped by Scott Darling without a rebound.
11:33 of 2nd period - Brad Richards wins face-off versus Jack Eichel in Rangers zone.
11:33 of 2nd period - Brad Richards is hit by Shane Doan.
12:11 of 2nd period - Off-side.
12:12 of 2nd period - Mark Letestu wins face-off versus Alex Galchenyuk in neutral zone.
12:15 of 2nd period - John-Michael Liles is hit by Mark Letestu and loses puck.
12:41 of 2nd period - Icing by John-Michael Liles.
12:42 of 2nd period - Connor McDavid wins face-off versus Alex Galchenyuk in BlackHawks zone.
12:43 of 2nd period - Shot by Tomas Tatar.
12:43 of 2nd period - Stopped by Craig Anderson with a rebound.
12:45 of 2nd period - Shot by Sean Couturier.
12:45 of 2nd period - Shot Blocked by John-Michael Liles.
12:49 of 2nd period - Shot by Sean Couturier.
12:49 of 2nd period - Shot Misses the Net.
13:07 of 2nd period - Shot by Tomas Tatar.
13:07 of 2nd period - Shot Blocked by Deryk Engelland.
13:09 of 2nd period - Shot by Sean Couturier.
13:09 of 2nd period - Stopped by Craig Anderson without a rebound.
13:10 of 2nd period - Brad Richards wins face-off versus Sam Bennett in BlackHawks zone.
13:15 of 2nd period - Shot by Brad Richards.
13:15 of 2nd period - Shot Blocked by Dion Phaneuf.
13:33 of 2nd period - Dion Phaneuf is hit by Jaromir Jagr and loses puck.
13:50 of 2nd period - Off-side.
13:51 of 2nd period - Connor McDavid wins face-off versus Jack Eichel in neutral zone.
13:59 of 2nd period - Shot by Jack Eichel.
13:59 of 2nd period - Stopped by Scott Darling without a rebound.
14:00 of 2nd period - Connor McDavid wins face-off versus Jack Eichel in Rangers zone.
14:15 of 2nd period - Shot by Connor McDavid.
14:15 of 2nd period - Shot Misses the Net.
14:17 of 2nd period - Shot by Tomas Tatar.
14:17 of 2nd period - Shot Blocked by Olli Maatta.
14:19 of 2nd period - Shot by Alex Goligoski.
14:19 of 2nd period - Stopped by Craig Anderson without a rebound.
14:20 of 2nd period - Brad Richards wins face-off versus Alex Galchenyuk in BlackHawks zone.
14:21 of 2nd period - Shot by Benoit Pouliot.
14:21 of 2nd period - Stopped by Craig Anderson without a rebound.
14:21 of 2nd period - Minor Penalty to Dion Phaneuf for Tripping.
14:22 of 2nd period - Steve Ott wins face-off versus Connor McDavid in BlackHawks zone.
14:26 of 2nd period - Kris Letang is hit by Karl Alzner and loses puck.
14:30 of 2nd period - Icing by Kris Russell.
14:31 of 2nd period - Connor McDavid wins face-off versus Steve Ott in Rangers zone.
14:40 of 2nd period - Shot by Karl Alzner.
14:40 of 2nd period - Shot Blocked by Olli Maatta.
14:42 of 2nd period - Shot by Benoit Pouliot.
14:42 of 2nd period - Goal by Benoit Pouliot - BlackHawks : 1 - Rangers : 3.
14:43 of 2nd period - Connor McDavid wins face-off versus Jack Eichel in neutral zone.
15:14 of 2nd period - Shot by Patrik Elias.
15:14 of 2nd period - Shot Misses the Net.
15:16 of 2nd period - Shot by Patrik Elias.
15:16 of 2nd period - Shot Misses the Net.
15:18 of 2nd period - Shot by Patrik Elias.
15:18 of 2nd period - Stopped by Scott Darling without a rebound.
15:19 of 2nd period - Alex Galchenyuk wins face-off versus Jaromir Jagr in Rangers zone.
15:25 of 2nd period - Artemi Panarin is hit by Kris Russell and loses puck.
15:40 of 2nd period - Shot by Jaromir Jagr.
15:40 of 2nd period - Stopped by Craig Anderson without a rebound.
15:41 of 2nd period - Sam Bennett wins face-off versus Mark Letestu in BlackHawks zone.
15:59 of 2nd period - Shot by Mark Letestu.
15:59 of 2nd period - Stopped by Craig Anderson without a rebound.
16:00 of 2nd period - Connor McDavid wins face-off versus Artemi Panarin in BlackHawks zone.
16:09 of 2nd period - Shot by Phil Kessel.
16:09 of 2nd period - Shot Misses the Net.
16:11 of 2nd period - Shot by Kris Letang.
16:11 of 2nd period - Shot Misses the Net.
16:17 of 2nd period - Shot by Alex Galchenyuk.
16:17 of 2nd period - Shot Misses the Net.
17:16 of 2nd period - Shot by Benoit Pouliot.
17:16 of 2nd period - Stopped by Craig Anderson without a rebound.
17:17 of 2nd period - Jack Eichel wins face-off versus Mark Letestu in BlackHawks zone.
17:29 of 2nd period - Shot by Mark Letestu.
17:29 of 2nd period - Shot Misses the Net.
17:31 of 2nd period - Shot by Joel Edmundson.
17:31 of 2nd period - Shot Misses the Net.
17:33 of 2nd period - Shot by Joel Edmundson.
17:33 of 2nd period - Shot Blocked by John-Michael Liles.
17:35 of 2nd period - Shot by Tyler Ennis.
17:35 of 2nd period - Stopped by Craig Anderson without a rebound.
17:36 of 2nd period - Sam Bennett wins face-off versus Jaromir Jagr in BlackHawks zone.
17:51 of 2nd period - Shot by Sam Bennett.
17:51 of 2nd period - Shot Misses the Net.
17:53 of 2nd period - Shot by Tom Wilson.
17:53 of 2nd period - Shot Misses the Net.
17:56 of 2nd period - Minor Penalty to Fredrik Claesson for Hooking.
17:57 of 2nd period - Jack Eichel wins face-off versus Jaromir Jagr in Rangers zone.
18:00 of 2nd period - Shot by Shane Doan.
18:00 of 2nd period - Shot Blocked by Joel Edmundson.
19:17 of 2nd period - Kris Letang is hit by Karl Alzner and loses puck.
19:25 of 2nd period - Icing by Shane Doan.
19:26 of 2nd period - Jaromir Jagr wins face-off versus Jack Eichel in BlackHawks zone.
19:34 of 2nd period - Shane Doan is hit by Sean Couturier.
19:48 of 2nd period - Benoit Pouliot is hit by Artemi Panarin and loses puck.
Goals for this period are 0 for BlackHawks vs 3 for Rangers.
Shots for this period are 7 for BlackHawks vs 15 for Rangers.

3rd period


0:01 of 3rd period - Patrik Elias wins face-off versus Connor McDavid in neutral zone.
0:27 of 3rd period - Icing by Kris Letang.
0:28 of 3rd period - Brad Richards wins face-off versus Jack Eichel in BlackHawks zone.
0:36 of 3rd period - Icing by Dion Phaneuf.
0:37 of 3rd period - Brad Richards wins face-off versus Jack Eichel in BlackHawks zone.
1:02 of 3rd period - Shot by Shane Doan.
1:02 of 3rd period - Stopped by Scott Darling with a rebound.
1:06 of 3rd period - Shot by Patrik Elias.
1:06 of 3rd period - Shot Misses the Net.
1:13 of 3rd period - Icing by Kris Russell.
1:14 of 3rd period - Sam Bennett wins face-off versus Brad Richards in Rangers zone.
1:40 of 3rd period - Sam Bennett is hit by Fredrik Claesson and loses puck.
1:45 of 3rd period - Shot by Sam Bennett.
1:45 of 3rd period - Stopped by Scott Darling without a rebound.
1:46 of 3rd period - Alex Galchenyuk wins face-off versus Connor McDavid in Rangers zone.
1:47 of 3rd period - Shot by Artemi Panarin.
1:47 of 3rd period - Stopped by Scott Darling without a rebound.
1:48 of 3rd period - Connor McDavid wins face-off versus Alex Galchenyuk in Rangers zone.
2:01 of 3rd period - Shot by Alex Galchenyuk.
2:01 of 3rd period - Shot Misses the Net.
2:02 of 3rd period - Minor Penalty to Karl Alzner for Interference.
2:03 of 3rd period - Jaromir Jagr wins face-off versus Jack Eichel in Rangers zone.
3:02 of 3rd period - Olli Maatta is hit by Cedric Paquette and loses puck.
3:11 of 3rd period - Shot by Alex Galchenyuk.
3:11 of 3rd period - Shot Misses the Net.
3:13 of 3rd period - Shot by Artemi Panarin.
3:13 of 3rd period - Shot Blocked by Chris Tanev.
3:15 of 3rd period - Shot by Phil Kessel.
3:15 of 3rd period - Stopped by Scott Darling with a rebound.
3:17 of 3rd period - Shot by John-Michael Liles.
3:17 of 3rd period - Shot Blocked by Cedric Paquette.
3:19 of 3rd period - Shot by John-Michael Liles.
3:19 of 3rd period - Shot Misses the Net.
3:21 of 3rd period - Shot by Olli Maatta.
3:21 of 3rd period - Stopped by Scott Darling with a rebound.
3:22 of 3rd period - Minor Penalty to Fredrik Claesson for Holding.
3:23 of 3rd period - Alex Galchenyuk wins face-off versus Brad Richards in Rangers zone.
3:24 of 3rd period - Shot by Kris Letang.
3:24 of 3rd period - Stopped by Scott Darling without a rebound.
3:25 of 3rd period - Jaromir Jagr wins face-off versus Alex Galchenyuk in Rangers zone.
4:12 of 3rd period - Shot by Kris Letang.
4:12 of 3rd period - Stopped by Scott Darling without a rebound.
4:13 of 3rd period - Brad Richards wins face-off versus Jack Eichel in Rangers zone.
4:28 of 3rd period - Shot by Patrik Elias.
4:28 of 3rd period - Shot Misses the Net.
4:55 of 3rd period - Off-side.
4:56 of 3rd period - Jaromir Jagr wins face-off versus Alex Galchenyuk in neutral zone.
5:11 of 3rd period - Shot by Artemi Panarin.
5:11 of 3rd period - Shot Misses the Net.
5:13 of 3rd period - Shot by John-Michael Liles.
5:13 of 3rd period - Shot Blocked by Karl Alzner.
5:19 of 3rd period - Shot by Artemi Panarin.
5:19 of 3rd period - Stopped by Scott Darling with a rebound.
5:24 of 3rd period - Icing by Nick Schultz.
5:25 of 3rd period - Tyler Ennis wins face-off versus Sam Bennett in Rangers zone.
5:36 of 3rd period - Shot by Tyler Ennis.
5:36 of 3rd period - Stopped by Craig Anderson without a rebound.
5:37 of 3rd period - Jack Eichel wins face-off versus Brad Richards in BlackHawks zone.
5:56 of 3rd period - Shot by Mikael Backlund.
5:56 of 3rd period - Stopped by Craig Anderson with a rebound.
5:58 of 3rd period - Shot by Karl Alzner.
5:58 of 3rd period - Stopped by Craig Anderson without a rebound.
5:59 of 3rd period - Alex Galchenyuk wins face-off versus Connor McDavid in BlackHawks zone.
5:59 of 3rd period - Alex Galchenyuk is hit by Sean Couturier.
6:07 of 3rd period - John-Michael Liles is hit by Tomas Tatar and loses puck.
6:32 of 3rd period - Minor Penalty to Fredrik Claesson for Holding.
6:33 of 3rd period - Jaromir Jagr wins face-off versus Jack Eichel in Rangers zone.
6:50 of 3rd period - Shot by Kris Letang.
6:50 of 3rd period - Stopped by Scott Darling with a rebound.
6:52 of 3rd period - Shot by Kris Letang.
6:52 of 3rd period - Stopped by Scott Darling without a rebound.
6:53 of 3rd period - Alex Galchenyuk wins face-off versus Jaromir Jagr in Rangers zone.
6:58 of 3rd period - Shot by Artemi Panarin.
6:58 of 3rd period - Stopped by Scott Darling without a rebound.
6:59 of 3rd period - Alex Galchenyuk wins face-off versus Jaromir Jagr in Rangers zone.
7:06 of 3rd period - Shot by Artemi Panarin.
7:06 of 3rd period - Stopped by Scott Darling without a rebound.
7:07 of 3rd period - Jaromir Jagr wins face-off versus Alex Galchenyuk in Rangers zone.
7:24 of 3rd period - Shot by Phil Kessel.
7:24 of 3rd period - Shot Misses the Net.
7:30 of 3rd period - Shot by Artemi Panarin.
7:30 of 3rd period - Shot Misses the Net.
7:32 of 3rd period - Shot by Dion Phaneuf.
7:32 of 3rd period - Stopped by Scott Darling without a rebound.
7:33 of 3rd period - Benoit Pouliot wins face-off versus Jack Eichel in Rangers zone.
7:52 of 3rd period - Icing by Jack Eichel.
7:53 of 3rd period - Jack Eichel wins face-off versus Jaromir Jagr in BlackHawks zone.
8:02 of 3rd period - Shot by Olli Maatta.
8:02 of 3rd period - Shot Misses the Net.
8:04 of 3rd period - Shot by Patrik Elias.
8:04 of 3rd period - Stopped by Scott Darling without a rebound.
8:05 of 3rd period - Benoit Pouliot wins face-off versus Alex Galchenyuk in Rangers zone.
8:22 of 3rd period - Shot by Alex Galchenyuk.
8:22 of 3rd period - Deflect By Phil Kessel.
8:22 of 3rd period - Shot Misses the Net.
9:44 of 3rd period - Shot by Karl Alzner.
9:44 of 3rd period - Stopped by Craig Anderson without a rebound.
9:45 of 3rd period - Connor McDavid wins face-off versus Alex Galchenyuk in BlackHawks zone.
9:54 of 3rd period - Shot by Connor McDavid.
9:54 of 3rd period - Shot Misses the Net.
10:13 of 3rd period - Tomas Tatar is hit by Deryk Engelland and loses puck.
10:57 of 3rd period - Shot by Shane Doan.
10:57 of 3rd period - Stopped by Scott Darling without a rebound.
10:58 of 3rd period - Steve Ott wins face-off versus Mark Letestu in Rangers zone.
11:10 of 3rd period - Olli Maatta is hit by Tyler Ennis and loses puck.
12:04 of 3rd period - Shot by Shane Doan.
12:04 of 3rd period - Stopped by Scott Darling without a rebound.
12:05 of 3rd period - Jack Eichel wins face-off versus Connor McDavid in Rangers zone.
12:21 of 3rd period - Shot by Jack Eichel.
12:21 of 3rd period - Deflect By Patrik Elias.
12:21 of 3rd period - Stopped by Scott Darling without a rebound.
12:22 of 3rd period - Alex Galchenyuk wins face-off versus Brad Richards in Rangers zone.
12:22 of 3rd period - Artemi Panarin is hit by Alex Goligoski and loses puck.
12:43 of 3rd period - Icing by John-Michael Liles.
12:44 of 3rd period - Connor McDavid wins face-off versus Alex Galchenyuk in BlackHawks zone.
12:47 of 3rd period - Shot by Connor McDavid.
12:47 of 3rd period - Shot Misses the Net.
13:27 of 3rd period - Patrik Elias is hit by Sean Couturier and loses puck.
13:57 of 3rd period - Shot by Jack Eichel.
13:57 of 3rd period - Shot Misses the Net.
13:59 of 3rd period - Shot by Jack Eichel.
13:59 of 3rd period - Deflect By Shane Doan.
13:59 of 3rd period - Stopped by Scott Darling without a rebound.
14:00 of 3rd period - Mark Letestu wins face-off versus Jason Chimera in Rangers zone.
14:05 of 3rd period - Shot by Nick Schultz.
14:05 of 3rd period - Stopped by Craig Anderson without a rebound.
14:06 of 3rd period - Sam Bennett wins face-off versus Benoit Pouliot in BlackHawks zone.
14:35 of 3rd period - Shot by Sam Bennett.
14:35 of 3rd period - Shot Misses the Net.
15:02 of 3rd period - Shot by Artemi Panarin.
15:02 of 3rd period - Shot Misses the Net.
15:04 of 3rd period - Shot by Alex Galchenyuk.
15:04 of 3rd period - Shot Misses the Net.
15:06 of 3rd period - Shot by Dion Phaneuf.
15:06 of 3rd period - Stopped by Scott Darling with a rebound.
15:12 of 3rd period - Shot by Alex Galchenyuk.
15:12 of 3rd period - Stopped by Scott Darling without a rebound.
15:13 of 3rd period - Jack Eichel wins face-off versus Connor McDavid in Rangers zone.
15:14 of 3rd period - Shot by Shane Doan.
15:14 of 3rd period - Shot Misses the Net.
15:21 of 3rd period - Sean Couturier is hit by John-Michael Liles and loses puck.
15:27 of 3rd period - Connor McDavid is hit by Deryk Engelland and loses puck.
15:29 of 3rd period - Minor Penalty to Deryk Engelland for Holding.
15:30 of 3rd period - Steve Ott wins face-off versus Cedric Paquette in BlackHawks zone.
16:22 of 3rd period - Shot by Alex Galchenyuk.
16:22 of 3rd period - Stopped by Scott Darling without a rebound.
16:23 of 3rd period - Steve Ott wins face-off versus Connor McDavid in Rangers zone.
16:44 of 3rd period - Shot by Karl Alzner.
16:44 of 3rd period - Stopped by Craig Anderson without a rebound.
16:45 of 3rd period - Cedric Paquette wins face-off versus Trevor Lewis in BlackHawks zone.
16:46 of 3rd period - Shot by Alex Goligoski.
16:46 of 3rd period - Deflect By Cedric Paquette.
16:46 of 3rd period - Stopped by Craig Anderson without a rebound.
16:47 of 3rd period - Trevor Lewis wins face-off versus Cedric Paquette in BlackHawks zone.
17:44 of 3rd period - Shot by Tyler Ennis.
17:44 of 3rd period - Shot Misses the Net.
17:53 of 3rd period - Shot by Tyler Ennis.
17:53 of 3rd period - Stopped by Craig Anderson without a rebound.
17:54 of 3rd period - Brad Richards wins face-off versus Alex Galchenyuk in BlackHawks zone.
18:04 of 3rd period - Minor Penalty to Dion Phaneuf for High sticking.
18:05 of 3rd period - Steve Ott wins face-off versus Connor McDavid in BlackHawks zone.
18:16 of 3rd period - Shot by Jaromir Jagr.
18:16 of 3rd period - Goal by Jaromir Jagr - BlackHawks : 1 - Rangers : 4.
18:17 of 3rd period - Connor McDavid wins face-off versus Sam Bennett in neutral zone.
18:56 of 3rd period - Shot by Sean Couturier.
18:56 of 3rd period - Deflect By Tomas Tatar.
18:56 of 3rd period - Stopped by Craig Anderson without a rebound.
18:57 of 3rd period - Jaromir Jagr wins face-off versus Alex Galchenyuk in BlackHawks zone.
Goals for this period are 0 for BlackHawks vs 1 for Rangers.
Shots for this period are 21 for BlackHawks vs 10 for Rangers.